MID
GREENSBORO GRASSHOPPERS @ LAKEWOOD BLUECLAWS
09/19/2049
 
TOP OF THE 1ST
Greensboro Grasshoppers batting - Pitching for Lakewood BlueClaws : RHP Si-dao Xia
Pitching: RHP Si-dao Xia
Batting: RHB Tom Thompson 0-0: Called Strike
0-1: Ball
1-1: Swinging Strike
1-2: Ball
2-2: SINGLE (Groundball, 6MD, EV 103.8 MPH)
Batting: RHB Nate Crofts 0-0: Ball
1-0: Called Strike
1-1: Ball
2-1: Ball
3-1: Base on Balls
Tom Thompson to second
Batting: RHB Miguel Velasco 0-0: Grounds into double play, 4-6-3 (Groundball, 4, EV 82.5 MPH)
Tom Thompson to third
Batting: LHB Angelo Estrella 0-0: Ball
1-0: Swinging Strike
1-1: Foul Ball, location: 2F
1-2: Ball
2-2: Ball
3-2: SINGLE (Groundball, 6MD, EV 106.9 MPH)
Tom Thompson scores
Batting: LHB Justin Blakely 0-0: Ball
Angelo Estrella is caught stealing 2nd base 2-6
Top of the 1st over - 1 run, 2 hits, 0 errors, 0 left on base; Greensboro 1 - Lakewood 0
BOTTOM OF THE 1ST
Lakewood BlueClaws batting - Pitching for Greensboro Grasshoppers : RHP Kevin Weil
Pitching: RHP Kevin Weil
Batting: LHB Matt Urbanek 0-0: Ball
1-0: Ground out U3 (Groundball, 34, EV 88.1 MPH)
Batting: LHB Eric Farren 0-0: Fly out, F1 (Line Drive, P, EV 68.1 MPH)
Batting: RHB Alan Weller 0-0: Ball
1-0: Foul Ball, location: 2F
1-1: Ball
2-1: Fly out, F8 (Flyball, 8RD, EV 86.2 MPH)
Bottom of the 1st over - 0 runs, 0 hits, 0 errors, 0 left on base; Greensboro 1 - Lakewood 0
TOP OF THE 2ND
Greensboro Grasshoppers batting - Pitching for Lakewood BlueClaws : RHP Si-dao Xia
Batting: LHB Justin Blakely 0-0: Swinging Strike
0-1: Ball
1-1: Foul Ball, location: 2F
1-2: Ball
2-2: Strikes out swinging, 2-3 out at first.
Batting: RHB Alberto Bravo 0-0: Bunt missed!
0-1: Ball
1-1: Ball
2-1: Ball
3-1: Foul Ball, location: 2F
3-2: Base on Balls
Batting: RHB Hikaru Nakata 0-0: Ball
1-0: Fly out, F9 (Flyball, 9LD, EV 101.9 MPH)
Batting: RHB Nick Dunton 0-0: Ball
1-0: Foul Ball, location: 2F
1-1: Ball
2-1: Ball
3-1: Base on Balls
Alberto Bravo to second
Batting: RHB Dennis Coppolino 0-0: Ball
1-0: Foul Ball, location: 2F
1-1: Swinging Strike
1-2: Strikes out swinging
Top of the 2nd over - 0 runs, 0 hits, 0 errors, 2 left on base; Greensboro 1 - Lakewood 0
BOTTOM OF THE 2ND
Lakewood BlueClaws batting - Pitching for Greensboro Grasshoppers : RHP Kevin Weil
Batting: SHB Brett St. Clair 0-0: Called Strike
0-1: Called Strike
0-2: Foul Ball, location: 2F
0-2: Ball
1-2: Ground out 5-3 (Groundball, 6, EV 93.8 MPH)
Batting: RHB Mike Maserang 0-0: Fly out, F9 (Flyball, 9D, EV 96.2 MPH)
Batting: LHB Josh George 0-0: Ball
1-0: Ball
2-0: Foul Ball, location: 2F
2-1: Ball
3-1: Base on Balls
Batting: RHB Juan Valadez 0-0: Called Strike
0-1: Foul Ball, location: 2F
0-2: Ball
1-2: Foul Ball, location: 2F
1-2: Fielders Choice at 2nd, 6-4 (Groundball, 56, EV 83.8 MPH)
Bottom of the 2nd over - 0 runs, 0 hits, 0 errors, 1 left on base; Greensboro 1 - Lakewood 0
TOP OF THE 3RD
Greensboro Grasshoppers batting - Pitching for Lakewood BlueClaws : RHP Si-dao Xia
Batting: RHB Tom Thompson 0-0: Ground out 5-3 (Groundball, 56S, EV 88.8 MPH)
Batting: RHB Nate Crofts 0-0: Called Strike
0-1: Foul Ball, location: 2F
0-2: Foul Ball, location: 2F
0-2: Ground out 6-3 (Groundball, 6, EV 85.6 MPH)
Batting: RHB Miguel Velasco 0-0: Foul Ball, location: 2F
0-1: Called Strike
0-2: Ball
1-2: SINGLE (Line Drive, 4D, EV 96.9 MPH)
Batting: LHB Angelo Estrella 0-0: Ball
1-0: Foul Ball, location: 2F
1-1: Fielders Choice at 2nd, 6-4 (Groundball, 6, EV 85.6 MPH)
Top of the 3rd over - 0 runs, 1 hit, 0 errors, 1 left on base; Greensboro 1 - Lakewood 0
BOTTOM OF THE 3RD
Lakewood BlueClaws batting - Pitching for Greensboro Grasshoppers : RHP Kevin Weil
Batting: RHB Trent Hedrick 0-0: Foul Ball, location: 2F
0-1: Foul Ball, location: 2F
0-2: Foul Ball, location: 2F
0-2: Ball
1-2: Foul Ball, location: 2F
1-2: Foul Ball, location: 2F
1-2: Foul Ball, location: 2F
1-2: Ball
2-2: Ball
3-2: Base on Balls
Batting: RHB Danny Habermehl 0-0: Ball
Trent Hedrick steals 2nd base
1-0: SINGLE (Groundball, 56D, EV 98.1 MPH)
Trent Hedrick to third
Runner from 3rd tries for Home, SAFE, throw by LF to home
Batting: LHB Matt Urbanek 0-0: Ball
1-0: Ball
2-0: Ball
3-0: Base on Balls
Danny Habermehl to second
Batting: LHB Eric Farren 0-0: Called Strike
0-1: Ball
1-1: Swinging Strike
1-2: Ball
2-2: Foul Ball, location: 2F
2-2: Ball
3-2: Fielders Choice at 2nd, 1-4 (Groundball, 15S, EV 66.9 MPH)
Danny Habermehl to third
Batting: RHB Alan Weller 0-0: Called Strike
Eric Farren steals 2nd base
0-1: SINGLE (Groundball, 4S, EV 70.6 MPH) (infield hit)
Danny Habermehl scores
Eric Farren to third
Batting: SHB Brett St. Clair 0-0: Swinging Strike
0-1: Ball
1-1: Swinging Strike
1-2: Ball
2-2: Strikes out swinging
Batting: RHB Mike Maserang 0-0: Ball
1-0: Foul Ball, location: 2F
1-1: Swinging Strike
1-2: SINGLE (Groundball, 5D, EV 103.8 MPH)
Eric Farren scores
Alan Weller to second
Batting: LHB Josh George 0-0: Ball
1-0: Ball
2-0: Ball
3-0: Called Strike
3-1: Foul Ball, location: 2F
3-2: Foul Ball, location: 2F
3-2: Base on Balls
Alan Weller to third
Mike Maserang to second
Batting: RHB Juan Valadez 0-0: Ball
1-0: Foul Ball, location: 2F
1-1: Ball
2-1: Ball
3-1: Base on Balls
Alan Weller scores
Mike Maserang to third
Josh George to second
Batting: RHB Trent Hedrick 0-0: Called Strike
0-1: Ball
1-1: Ball
2-1: Called Strike
2-2: Fly out, F7 (Flyball, 78M, EV 77.5 MPH)
Bottom of the 3rd over - 4 runs, 3 hits, 0 errors, 3 left on base; Greensboro 1 - Lakewood 4
TOP OF THE 4TH
Greensboro Grasshoppers batting - Pitching for Lakewood BlueClaws : RHP Si-dao Xia
Batting: LHB Justin Blakely 0-0: Called Strike
0-1: Foul Ball, location: 2F
0-2: Ball
1-2: Ball
2-2: Ball
3-2: Ground out 4-3 (Groundball, 4D, EV 84.4 MPH)
Pitching: RHP Jeff van Schaik
Batting: RHB Alberto Bravo 0-0: Ball
1-0: Ball
2-0: Ball
3-0: Base on Balls
Batting: RHB Hikaru Nakata 0-0: Called Strike
0-1: SINGLE (Groundball, 56D, EV 96.2 MPH)
Alberto Bravo to second
Batting: RHB Nick Dunton 0-0: Ball
1-0: Ground out 5-3 (Groundball, 56S, EV 70.0 MPH)
Alberto Bravo to third
Hikaru Nakata to second
Batting: RHB Dennis Coppolino 0-0: Foul Ball, location: 2F
0-1: Fly out, F9 (Flyball, 9S, EV 86.9 MPH)
Top of the 4th over - 0 runs, 1 hit, 0 errors, 2 left on base; Greensboro 1 - Lakewood 4
BOTTOM OF THE 4TH
Lakewood BlueClaws batting - Pitching for Greensboro Grasshoppers : RHP Kevin Weil
Batting: RHB Danny Habermehl 0-0: Swinging Strike
0-1: Ball
1-1: Foul Ball, location: 2F
1-2: Strikes out swinging
Batting: LHB Matt Urbanek 0-0: Swinging Strike
0-1: Ball
1-1: Ball
2-1: Ball
3-1: Called Strike
3-2: Foul Ball, location: 2F
3-2: Foul Ball, location: 2F
3-2: Ground out 5-3 (Groundball, 5L, EV 82.5 MPH)
Batting: LHB Eric Farren 0-0: Ball
1-0: Ball
2-0: Foul Ball, location: 2F
2-1: Ball
3-1: Base on Balls
Batting: RHB Alan Weller 0-0: Ball
1-0: Fly out, F9 (Flyball, 89M, EV 90.0 MPH)
Bottom of the 4th over - 0 runs, 0 hits, 0 errors, 1 left on base; Greensboro 1 - Lakewood 4
TOP OF THE 5TH
Greensboro Grasshoppers batting - Pitching for Lakewood BlueClaws : RHP Jeff van Schaik
Batting: RHB Tom Thompson 0-0: Ball
1-0: Called Strike
1-1: Foul Ball, location: 2F
1-2: Foul Ball, location: 2F
1-2: Strikes out looking
Batting: RHB Nate Crofts 0-0: Ball
1-0: Ball
2-0: Called Strike
2-1: Ball
3-1: Swinging Strike
3-2: Base on Balls
Batting: RHB Miguel Velasco 0-0: Called Strike
0-1: Foul Ball, location: 2F
0-2: Ball
1-2: Ball
2-2: Foul Ball, location: 2F
2-2: Ball
3-2: Fielders Choice at 2nd, 3-6 (Groundball, 34, EV 82.5 MPH)
Batting: LHB Angelo Estrella 0-0: Foul Ball, location: 2F
0-1: Ball
1-1: Ball
Miguel Velasco steals 2nd, throwing error, E2
Miguel Velasco to third
2-1: Foul Ball, location: 2F
2-2: Foul Ball, location: 2F
2-2: Strikes out swinging
Top of the 5th over - 0 runs, 0 hits, 1 error, 1 left on base; Greensboro 1 - Lakewood 4
BOTTOM OF THE 5TH
Lakewood BlueClaws batting - Pitching for Greensboro Grasshoppers : RHP Kevin Weil
Batting: SHB Brett St. Clair 0-0: Ground out 5-3 (Groundball, 15, EV 87.5 MPH)
Batting: RHB Mike Maserang 0-0: Ball
1-0: Swinging Strike
1-1: Swinging Strike
1-2: Fly out, F9 (Flyball, 9LM, EV 86.2 MPH)
Batting: LHB Josh George 0-0: Ball
1-0: Ball
2-0: Ball
3-0: Base on Balls
Batting: RHB Juan Valadez 0-0: Ball
1-0: Swinging Strike
1-1: Called Strike
Josh George steals 2nd base
1-2: DOUBLE (Line Drive, 89D, EV 107.5 MPH)
Josh George scores
Pitching: RHP Adam Brown
Batting: RHB Trent Hedrick 0-0: Ground out 6-3 (Groundball, 6, EV 106.2 MPH)
Bottom of the 5th over - 1 run, 1 hit, 0 errors, 1 left on base; Greensboro 1 - Lakewood 5
TOP OF THE 6TH
Greensboro Grasshoppers batting - Pitching for Lakewood BlueClaws : RHP Jeff van Schaik
Batting: LHB Justin Blakely 0-0: Swinging Strike
0-1: Ball
1-1: Foul Ball, location: 2F
1-2: Fly out, F7 (Flyball, 78S, EV 90.0 MPH)
Batting: RHB Alberto Bravo 0-0: Ball
1-0: Called Strike
1-1: Called Strike
1-2: Ball
2-2: Ground out 5-3 (Groundball, 5S, EV 81.9 MPH)
Batting: RHB Hikaru Nakata 0-0: Called Strike
0-1: Ball
1-1: Ball
2-1: Ball
3-1: Foul Ball, location: 2F
3-2: Strikes out swinging
Top of the 6th over - 0 runs, 0 hits, 0 errors, 0 left on base; Greensboro 1 - Lakewood 5
BOTTOM OF THE 6TH
Lakewood BlueClaws batting - Pitching for Greensboro Grasshoppers : RHP Adam Brown
Batting: RHB Danny Habermehl 0-0: Foul Ball, location: 2F
0-1: Ball
1-1: Ground out 5-3 (Groundball, 56, EV 84.4 MPH)
Batting: LHB Matt Urbanek 0-0: Ball
1-0: Called Strike
1-1: Ground out 4-3 (Groundball, 4, EV 88.1 MPH)
Batting: LHB Eric Farren 0-0: Foul Ball, location: 2F
0-1: Ball
1-1: Ball
2-1: Foul Ball, location: 2F
2-2: Ball
3-2: SINGLE (Line Drive, 34, EV 100.0 MPH)
Batting: RHB Alan Weller 0-0: Ground out U3 (Groundball, 3, EV 106.2 MPH)
Bottom of the 6th over - 0 runs, 1 hit, 0 errors, 1 left on base; Greensboro 1 - Lakewood 5
TOP OF THE 7TH
Greensboro Grasshoppers batting - Pitching for Lakewood BlueClaws : RHP Jeff van Schaik
Pitching: RHP John Hughes
Batting: RHB Nick Dunton 0-0: Ground out U3 (Groundball, 34, EV 103.8 MPH)
Batting: RHB Dennis Coppolino 0-0: Ball
1-0: Foul Ball, location: 2F
1-1: Ball
2-1: Ball
3-1: Swinging Strike
3-2: Strikes out swinging
Batting: RHB Tom Thompson 0-0: SINGLE (Line Drive, 4MD, EV 99.4 MPH)
Batting: RHB Nate Crofts 0-0: Ground out 6-3 (Groundball, 56, EV 108.1 MPH)
Top of the 7th over - 0 runs, 1 hit, 0 errors, 1 left on base; Greensboro 1 - Lakewood 5
BOTTOM OF THE 7TH
Lakewood BlueClaws batting - Pitching for Greensboro Grasshoppers : RHP Adam Brown
Batting: SHB Brett St. Clair 0-0: Ground out 5-3 (Groundball, 6, EV 90.0 MPH)
Batting: RHB Mike Maserang 0-0: Called Strike
0-1: Ball
1-1: SINGLE (Groundball, 34D, EV 98.1 MPH)
Batting: LHB Josh George 0-0: 2-RUN HOME RUN (Line Drive, 89XD, EV 107.5 MPH), Distance : 418 ft
Batting: RHB Juan Valadez 0-0: Swinging Strike
0-1: Ball
1-1: Ball
2-1: Ground out U3 (Groundball, 34S, EV 85.6 MPH)
Batting: RHB Trent Hedrick 0-0: Ball
1-0: Called Strike
1-1: Foul Ball, location: 2F
1-2: Foul Ball, location: 2F
1-2: Ball
2-2: Ball
3-2: SINGLE (Line Drive, 89S, EV 102.5 MPH)
Batting: RHB Danny Habermehl 0-0: Called Strike
0-1: Ball
1-1: Ball
Trent Hedrick is caught stealing 2nd base 2-4
Bottom of the 7th over - 2 runs, 3 hits, 0 errors, 0 left on base; Greensboro 1 - Lakewood 7
TOP OF THE 8TH
Greensboro Grasshoppers batting - Pitching for Lakewood BlueClaws : RHP John Hughes
Batting: RHB Miguel Velasco 0-0: Foul Ball, location: 2F
0-1: Ball
1-1: Ball
2-1: Fly out, F7 (Flyball, 78D, EV 104.4 MPH)
Batting: LHB Angelo Estrella 0-0: Ball
1-0: Called Strike
1-1: Foul Ball, location: 2F
1-2: Ball
2-2: Strikes out swinging, 2-3 out at first.
Batting: LHB Justin Blakely 0-0: Called Strike
0-1: Ball
1-1: SINGLE (Groundball, P, EV 76.2 MPH) (infield hit)
Batting: RHB Alberto Bravo 0-0: Ball
1-0: Ball
2-0: Ball
3-0: Called Strike
3-1: Called Strike
3-2: Ground out 6-3 (Groundball, 6, EV 83.1 MPH)
Top of the 8th over - 0 runs, 1 hit, 0 errors, 1 left on base; Greensboro 1 - Lakewood 7
BOTTOM OF THE 8TH
Lakewood BlueClaws batting - Pitching for Greensboro Grasshoppers : RHP Adam Brown
Batting: RHB Danny Habermehl 0-0: Ball
1-0: Ball
2-0: Ball
3-0: Called Strike
3-1: Ground out 5-3 (Groundball, 56, EV 83.1 MPH)
Batting: LHB Matt Urbanek 0-0: Called Strike
0-1: Called Strike
0-2: Ground out 4-3 (Groundball, 4, EV 106.9 MPH)
Batting: LHB Eric Farren 0-0: SINGLE (Flyball, 5D, EV 89.4 MPH)
Batting: RHB Alan Weller Pickoff Throw to First - Out! 1-3
Bottom of the 8th over - 0 runs, 1 hit, 0 errors, 0 left on base; Greensboro 1 - Lakewood 7
TOP OF THE 9TH
Greensboro Grasshoppers batting - Pitching for Lakewood BlueClaws : RHP John Hughes
Batting: RHB Hikaru Nakata 0-0: Ball
1-0: Ground out U3 (Groundball, 13, EV 86.9 MPH)
Batting: RHB Nick Dunton 0-0: Ball
1-0: Ball
2-0: SINGLE (Groundball, 5S, EV 69.4 MPH) (infield hit)
Batting: RHB Dennis Coppolino 0-0: Ball
1-0: Ball
2-0: Swinging Strike
2-1: Called Strike
2-2: Ball
3-2: Base on Balls
Nick Dunton to second
Pitching: LHP Cesar Andrade
Batting: RHB Tom Thompson 0-0: Ball
1-0: Ball
2-0: Foul Ball, location: 2F
2-1: Grounds into double play, 4-6-3 (Groundball, 4, EV 107.5 MPH)
Top of the 9th over - 0 runs, 1 hit, 0 errors, 1 left on base; Greensboro 1 - Lakewood 7
Sunday, July 16th , 2023 - OOTP Baseball 24.6 Build 69